 Dungeon Crawl Stone Soup version 0.30.0-15-g856e2d3f33 (webtiles) character file.

Game seed: 17884759348899775928

171 wingedge the Conjurer (level 6, -2/49 HPs)
             Began as a Meteoran Wanderer on May 19, 2023.
             Was an Initiate of Vehumet.
             Slain by an ogre
             ... wielding a +0 giant club
              (27 damage)
             ... on level 5 of the Dungeon.
             The game lasted 00:12:28 (1227 turns).

wingedge the Conjurer (Meteoran Wanderer)           Turns: 1227, Time: 00:12:29

Health: -2/49      AC:  6    Str: 15    XL:     6   Next: 9%
Magic:  5/11       EV: 12    Int: 14    God:    Vehumet [......]
Gold:   121        SH:  0    Dex: 14    Spells: 8/11 levels left

rFire   + . .        a - +0 mace
rCold   . . .        (no shield)
rNeg    . . .        d - +0 leather armour
rPois   .            (no helmet)
rElec   .            r - +1 cloak {rCorr}
rCorr   +            b - +0 pair of gloves
SInv    .            (no boots)
Will    .....        j - amulet of magic regeneration
Stlth   +            l - ring of protection from fire
HPRegen 0.28/turn    (no ring)
MPRegen 0.52/turn

%: no passive effects
@: glowing
A: sense surroundings 1, otherworldly, glowing, explore regen
a: Renounce Religion


You were on level 5 of the Dungeon.
You worshipped Vehumet.
Vehumet was noncommittal.
You visited 1 branch of the dungeon, and saw 4 of its levels.

You collected 121 gold pieces.

Inventory:

Hand Weapons
 a - a +0 mace (weapon)
 i - a +0 dagger
Armour
 b - a +0 pair of gloves (worn)
 d - a +0 leather armour (worn)
 r - a +1 cloak of preservation (worn)
Jewellery
 j - an amulet of magic regeneration (around neck)
 l - a ring of protection from fire (left hand)
Scrolls
 c - 2 scrolls of fog
 e - 3 scrolls of identify
 f - a scroll of magic mapping
 g - 2 scrolls of fear {unknown}
 o - a scroll of amnesia {unknown}
 q - a scroll of blinking {unknown}
 s - 2 scrolls of immolation {unknown}
 t - a scroll of acquirement {unknown}
Potions
 h - 3 potions of heal wounds
 k - a potion of ambrosia {unknown}
 m - a potion of brilliance {unknown}
 n - 3 potions of berserk rage
 p - a potion of lignification {unknown}


   Skills:
 + Level 2.3 Fighting
 - Level 1.3 Maces & Flails
 - Level 4.0 Armour
 - Level 3.0 Dodging
 - Level 3.0 Spellcasting
 + Level 4.2 Conjurations
 - Level 3.0 Fire Magic


You had 8 spell levels left.
You knew the following spells:

 Your Spells              Type           Power      Damage    Failure   Level
a - Foxfire               Conj/Fire      48%        2x1d6     6%          1
b - Searing Ray           Conj           28%        2d5       7%          2

Your spell library contained the following spells:

 Spells                   Type           Power      Damage    Failure   Level
 Dazzling Flash           Conj/Hex       16%        N/A       32%         3
 Animate Armour           Summ/Erth      4%         N/A       95%         4
 Blade Hands              Tmut           1%         N/A       100%        5
 Iron Shot                Conj/Erth      4%         9d2       100%        6


Dungeon Overview and Level Annotations

Branches:
Dungeon (5/15) Zot: 1164
 Temple: D:4-7

Altars:
Fedhas
Trog
Vehumet
Wu Jian

Shops:
D:1 =


Innate Abilities, Weirdness & Mutations

You passively map a small area around you.
You are easily found by Zot.
You glow in the dark.
You regain HP and MP as you explore.


Message History

Confirm with . or Enter, or press ? or * to list all spells.
Okay, then.
You see here an iguana corpse.
Found a whip.
Your magical contamination has completely faded away.
Found a scroll labelled WUIHUI MEOSO.
Found a bubbling golden potion and 13 gold pieces.
An ogre comes into view. It is wielding a +0 giant club.
Casting: Searing Ray (safe; 7% risk of failure)
Confirm with . or Enter, or press ? or * to list all spells.
Aiming: Searing Ray (safe; 7% risk of failure)
Press: ? - help, Shift-Dir - straight line, f - ogre
Aim: an ogre, wielding a +0 giant club (89% to hit)
The searing ray hits the ogre.
The ogre is lightly wounded. (Press . to maintain the ray.)
The searing ray hits the ogre.
The ogre is lightly wounded.
The searing ray hits the ogre.
The ogre is moderately wounded.
The searing ray hits the ogre.
The ogre is moderately wounded.
You finish channelling your searing ray.
The ogre misses you.
Casting: Searing Ray (safe; 7% risk of failure)
Confirm with . or Enter, or press ? or * to list all spells.
Aiming: Searing Ray (safe; 7% risk of failure)
Press: ? - help, Shift-Dir - straight line, f/p - ogre
Aim: an ogre, wielding a +0 giant club (moderately wounded, 89% to hit)
The searing ray hits the ogre.
The ogre is heavily wounded. (Press . to maintain the ray.)
The searing ray hits the ogre!
The ogre is severely wounded.
The ogre hits you with a +0 giant club!!
The searing ray hits the ogre.
The ogre is almost dead.
The ogre hits you with a +0 giant club!!
Ouch! That really hurt!
You die...

********,.......#....#.#
*,,,,,,,,...#.#.#.†#.#,#
*,***###,.......#..#.#,* *,*
#......#...#..#.#,* *,*
#.........)...#,#,*
*,***#....#####....#,*,*
*****,,,,............###,*,*
,,,,,,,,,,,,#...#....#**,*,******
*****,,,,,,,#...@.#..#,,,,,,,,,,*
,,,,,,,,*,*,#?#O#....#,*,*,****,*
,,,,,,*,,,,,*............,,* *,*
,****,,,*,,,#.........!..*,* *,*
,****,,,,,,....#..........,* *,*
,,,,,,****#......#####.###,* *,*
,****,,,,.....$..,,,,,...,,* *,*
,* *,,,,....####*****,##*** *,*
,* **,*,,,*,* *,* *,*


You could see an ogre.

Vanquished Creatures
  Crazy Yiuf (D:3)
  A jelly (D:5)
  An iguana (D:5)
  2 adders (D:3)
  A gnoll (D:1)
  2 worms (D:2)
  4 dart slugs
  4 ball pythons (D:1)
  5 bats
  5 endoplasms
  A giant cockroach (D:1)
  4 goblins
  3 hobgoblins
  2 jackals (D:3)
  3 kobolds
  2 quokkas (D:2)
  A frilled lizard (D:1)
  6 rats
48 creatures vanquished.

Vanquished Creatures (others)
  55 foxfires
55 creatures vanquished.

Grand Total: 103 creatures vanquished

Notes
Turn   | Place    | Note
-------+----------+-------------------------------------------
     0 | D:1      | wingedge the Meteoran Wanderer began the quest for the Orb.
     0 | D:1      | wingedge set off with the following items: a +0 mace, a +0
                  | pair of gloves, a scroll of fog, a +0 leather armour; and
                  | the following spell memorised: Foxfire; and the following
                  | spells available to memorise: Searing Ray, Dazzling Flash.
     0 | D:1      | Reached XP level 1. HP: 14/14 MP: 5/5
    49 | D:1      | Reached skill level 1 in Fire Magic
    94 | D:1      | Reached XP level 2. HP: 20/20 MP: 6/6
   258 | D:1      | Found Woddoin's Jewellery Boutique.
   280 | D:1      | Reached skill level 1 in Fighting
   280 | D:1      | Reached XP level 3. HP: 11/28 MP: 2/8
   361 | D:1      | Learned a level 2 spell: Searing Ray
   469 | D:2      | Reached XP level 4. HP: 35/35 MP: 7/9
  1036 | D:3      | Found a runed translucent door.
  1037 | D:3      | Noticed Crazy Yiuf
  1047 | D:3      | Killed Crazy Yiuf
  1048 | D:3      | Reached XP level 5. HP: 40/40 MP: 3/10
  1103 | D:3      | Found an ornate altar of the Wu Jian Council.
  1106 | D:3      | Found a blossoming altar of Fedhas.
  1109 | D:3      | Found a radiant altar of Vehumet.
  1112 | D:3      | Found a bloodstained altar of Trog.
  1118 | D:3      | Became a worshipper of Vehumet
  1182 | D:3      | You fall into a shaft and drop 2 floors!
  1182 | D:5      | Entered Level 5 of the Dungeon
  1211 | D:5      | Reached XP level 6. HP: 24/49 MP: 2/11
  1219 | D:5      | Noticed an ogre
  1227 | D:5      | Slain by an ogre

Illustrated notes

Levels and vault maps discovered:
D:1:      lightli_arrival_isolated_outpost, layout_loops_ring, serial_shops,
          nicolae_shop_gaudy_bauble
D:2:      layout_loops_corners, kennysheep_decorative_pillar
D:3:      kennysheep_big_flooded_room, layout_basic,
          grunt_temple_overflow_cloverleaf, uniq_crazy_yiuf_cottage
D:5:      layout_loops_ring, mainiacjoe_overflow_alcove_1, zin_angel,
          hangedman_decor_lopped

Skill      XL: |  1  2  3  4  5 |
---------------+----------------+-----
Fire Magic     | 1 2 3 |  3.0
Fighting       | 1 2 |  2.3
Conjurations   | 3 4 |  4.2
Spellcasting   | 3 |  3.0
Armour         | 4 |  4.0
Dodging        | 3 |  3.0
Maces & Flails | |  1.3

Action                     |  1- 3 |  4- 6 || total
---------------------------+-------+-------++-------
  Melee: Mace              |    25 |     1 ||    26
         Punch             |     2 |       ||     2
   Cast: Foxfire           |    35 |     6 ||    41
         Searing Ray       |     3 |    29 ||    32
    Use: Scroll            |       |     4 ||     4
 Armour: Leather armour    |    14 |     8 ||    22
  Dodge: Dodged            |    32 |    15 ||    47
